 Dungeon Crawl Stone Soup version 0.31.0-11-ge490571c62 (webtiles) character file.

Game seed: 14104262524896876390

122 qw the Ducker (level 4, -8/23 HPs)
             Began as a Spriggan Hunter on Feb 4, 2024.
             Mangled by a black bear (11 damage)
             ... on level 4 of the Dungeon.
             The game lasted 00:00:19 (1140 turns).

qw the Ducker (Spriggan Hunter)                     Turns: 1140, Time: 00:00:20

Health: -8/23      AC:  3    Str:  7    XL:     4   Next: 78%
Magic:  5/5        EV: 20    Int: 10    God:
Gold:   218        SH:  0    Dex: 20    Spells: 3/3 levels left

rFire   . . .        g - +0 orcbow
rCold   . . .        (shield currently unavailable)
rNeg    . . .        c - +0 robe
rPois   .            (helmet restricted)
rElec   .            f - +0 cloak
rCorr   .            (gloves unavailable)
SInv    +            (boots unavailable)
Will    .....        (no amulet)
Stlth   ++           (no ring)
HPRegen 0.23/turn    (no ring)
MPRegen 0.09/turn

%: no passive effects
@: very quick
A: very small, no large weapons, unfitting armour, see invisible, speed 3
a: no special abilities


You were on level 4 of the Dungeon.
You visited 1 branch of the dungeon, and saw 3 of its levels.

You collected 218 gold pieces.


Innate Abilities, Weirdness & Mutations

You are very small and have problems with some larger weapons.
You are too small for most types of armour.
You have supernaturally acute eyesight. (SInv)
You cover ground extremely quickly. (Speed+++)


   Skills:
 + Level 1.9 Fighting
 - Level 5.0 Ranged Weapons
 - Level 5.1 Dodging
 - Level 1.5 Stealth


You had 3 spell levels left.
You didn't know any spells.
Your spell library was empty.

Inventory:

Hand Weapons
 g - a +0 orcbow (weapon)
Armour
 c - a +0 robe (worn)
 f - a +0 cloak (worn)
Scrolls
 d - a scroll of identify
Potions
 a - a potion of might
 b - a potion of attraction {unknown}
 e - a potion of resistance {unknown}

Dungeon Overview and Level Annotations

Branches:
Dungeon (2/15)

Altars:


Message History

The arrow hits the black bear!
The black bear is almost dead.
The adder misses you. x2
You shoot an arrow. The arrow barely misses the adder.
The arrow barely misses the black bear.
The adder barely misses you. The adder completely misses you.
You shoot an arrow.
The arrow hits the adder but does no damage.
The adder bites you but does no damage.
The black bear goes berserk!
The adder misses you.
You shoot an arrow. The arrow hits the adder!
You kill the adder!
The black bear barely misses you. The black bear completely misses you.
The black bear misses you.
You shoot an arrow. The arrow barely misses the black bear.
The black bear misses you. The black bear completely misses you.
The black bear closely misses you.
You shoot an arrow. The arrow hits the black bear.
The black bear is almost dead.
The black bear misses you. The black bear barely misses you.
The black bear misses you. The black bear closely misses you.
The black bear completely misses you. x2
You shoot an arrow. The arrow hits the black bear.
The black bear is almost dead.
The black bear completely misses you. The black bear misses you.
The black bear claws you. The black bear bites you. The black bear claws you.
The black bear misses you.
You shoot an arrow. The arrow hits the black bear.
The black bear is almost dead.
The black bear barely misses you. The black bear claws you.
The black bear closely misses you. x2; The black bear misses you.
The black bear claws you.
You shoot an arrow. The arrow barely misses the black bear.
The black bear completely misses you. The black bear misses you.
The black bear claws you. The black bear barely misses you.
The black bear claws you. The black bear completely misses you.
You shoot an arrow.
The arrow closely misses the black bear.
The black bear bites you!
You die...

# ###. #+# ....
#.# ###### ....
#.###....## ..##
#.##......####...#
#.'..#..#.)##...#.
#.#...##..)'......
#@#...##..%'.###..
#h#..#..#..###
.%##..)...##
.$..##....## $#.#.
###### ...# $. #.
# .. + .##


You could see a black bear (berserk).

Vanquished Creatures
  A bombardier beetle (D:4)
  A gnoll (D:4)
  5 adders
  3 ball pythons
  3 endoplasms
  A giant cockroach (D:1)
  3 goblins
  3 hobgoblins
  3 quokkas
  2 bats (D:1)
  A frilled lizard (D:2)
  3 kobolds
  6 rats
35 creatures vanquished.

Notes
Turn   | Place    | Note
-------+----------+-------------------------------------------
     0 | D:1      | qw the Spriggan Hunter began the quest for the Orb.
     0 | D:1      | Reached XP level 1. HP: 10/10 MP: 2/2
     0 | D:1      | 0 ||| qw: Version: 0.3-a-160-g6735b56
     0 | D:1      | 0 ||| qw: Game counter: 5758
     0 | D:1      | 0 ||| qw: Melee chars always use a shield: true
     0 | D:1      | 0 ||| qw: God list: Okawaru
     0 | D:1      | 0 ||| qw: Allow faded altars: false
     0 | D:1      | 0 ||| qw: Do Orc after clearing Dungeon:15 true
     0 | D:1      | 0 ||| qw: Do second Lair branch before Depths: true
     0 | D:1      | 0 ||| qw: Lair rune preference: random
     0 | D:1      | 0 ||| qw: Goals: Normal
     0 | D:1      | 0 ||| PLANNING D:1-11
    44 | D:1      | Reached skill level 3 in Dodging
   185 | D:1      | Reached XP level 2. HP: 14/14 MP: 3/3
   228 | D:1      | 228 ||| SWAPPING to +0 orcbow.
   230 | D:1      | 230 ||| DROPPING +0 shortbow.
   528 | D:1      | 528 ||| UPGRADING to +0 cloak.
   533 | D:1      | 533 ||| READING scroll labelled WIWECW OGUCE.
   534 | D:1      | 534 ||| READING scroll labelled CUQUDA CYRYI.
   534 | D:1      | 534 ||| IDENTIFYING glowing blue potion
   535 | D:1      | 535 ||| DROPPING scroll of butterflies.
   631 | D:2      | Reached XP level 3. HP: 18/18 MP: 4/4
   995 | D:2      | You fall into a shaft and drop 2 floors!
  1003 | D:4      | Reached XP level 4. HP: 22/22 MP: 5/5
  1019 | D:4      | HP: 5/22 [kobold/+0 whip (5)]
  1121 | D:4      | Noticed a black bear
  1139 | D:4      | HP: 5/23 [black bear (4)]
  1140 | D:4      | Mangled by a black bear

Levels and vault maps discovered:
D:1:      tarquinn_simple_flora_water_e, layout_loops_ring
D:2:      layout_loops_ring, minmay_misc_feat_room, kennysheep_another_room
D:4:      minmay_polygon_palace, layout_cave_pools, serial_forest,
          infiniplex_forest_lined_2, infiniplex_forest_fountain,
          infiniplex_forest_lined_corner, infiniplex_forest_clump_small,
          infiniplex_forest_straight_1, infiniplex_forest_lined_2,
          infiniplex_forest_zigzag_1, infiniplex_forest_lined_3_way,
          infiniplex_forest_fountain, infiniplex_forest_lined_room_3,
          chequers_big_river, uniq_grinder, uniq_crazy_yiuf_cottage

Skill      XL: |  1  2  3  4 |
---------------+-------------+-----
Dodging        | 3 4 5 |  5.1
Ranged Weapons | 5 |  5.0
Fighting       | |  1.9
Stealth        | |  1.5

Action                     |  1- 3 |  4- 6 || total
---------------------------+-------+-------++-------
   Fire: Shortbow          |    35 |       ||    35
         Orcbow            |    45 |    42 ||    87
    Use: Scroll            |     2 |       ||     2
 Armour: Robe              |     3 |    20 ||    23
  Dodge: Dodged            |    32 |    66 ||    98

Table legend:
 A = Non-vault XP
 B = Vault XP
 C = Vault XP percentage of total XP
 D = Non-vault monster count
 E = Vault monster count
 F = Vault count percentage of total count
                 A         B        C        D         E       F
            +---------+---------+-------+---------+---------+-------
      Total |      90 |      85 |  48.6 |      27 |       8 |  22.9
            +---------+---------+-------+---------+---------+-------
        D:1 |      18 |       0 |   0.0 |      12 |       0 |   0.0
        D:2 |      72 |       0 |   0.0 |      15 |       0 |   0.0
        D:4 |       0 |      85 | 100.0 |       0 |       8 | 100.0
            +---------+---------+-------+---------+---------+-------
